 Dungeon Crawl Stone Soup version 0.25.0-26-g0c896c7088 (webtiles) character file.

Game seed: 7956516695359327164

154 MisterFreud the Insei (level 5, -10/41 HPs)
             Began as a Demonspawn Abyssal Knight on July 5, 2020.
             Was a Believer of Lugonu.
             Mangled by an ogre
             ... wielding a +0 giant club
              (15 damage)
             ... on level 4 of the Dungeon.
             The game lasted 00:04:21 (3327 turns).

MisterFreud the Insei (Demonspawn Abyssal Knight)   Turns: 3327, Time: 00:04:21

Health: -10/41     AC: 11    Str: 12    XL:     5   Next: 13%
Magic:  6/6        EV:  5    Int: 14    God:    Lugonu [**....]
Gold:   170        SH:  4    Dex: 13    Spells: 4/4 levels left

rFire    . . .     SeeInvis .     - Unarmed
rCold    . . .     Gourm    .   o - +0 buckler
rNeg     . . .     Faith    .   p - +0 chain mail
rPois    .         Spirit   .   (no helmet)
rElec    .         Reflect  .   (no cloak)
rCorr    .         Harm     .   g - +0 pair of gloves
MR       .....                  (no boots)
Stlth    ..........             (no amulet)
HPRegen  0.13/turn              (no ring)
MPRegen  0.10/turn              (no ring)

@: no status effects
A: icy blue scales 1
a: Depart the Abyss, Bend Space, Renounce Religion


You were on level 4 of the Dungeon.
You worshipped Lugonu.
Lugonu was pleased with you.
You were not hungry.

You visited 1 branch of the dungeon, and saw 4 of its levels.
You visited the Abyss 1 time.

You collected 170 gold pieces.

Inventory:

Missiles
 j - 9 boomerangs (quivered)
 n - 18 poisoned darts
Armour
 a - a +0 leather armour
 g - a +0 pair of gloves (worn)
 o - a +0 buckler (worn)
 p - a +0 chain mail (worn)
Jewellery
 e - an uncursed ring of protection from fire {unknown}
 s - an uncursed amulet of faith {unknown}
Scrolls
 c - a scroll of enchant armour {unknown}
 f - a scroll of fog {unknown}
 h - 4 scrolls of teleportation {unknown}
 l - 3 scrolls of identify {unknown}
 q - 4 scrolls of remove curse {unknown}
Potions
 d - 5 potions of might {unknown}
 i - 4 potions of curing {unknown}
 k - a potion of brilliance {unknown}
 m - a potion of cancellation {unknown}
 r - a potion of heal wounds {unknown}
 t - a potion of mutation {unknown}
 v - a potion of lignification {unknown}
Comestibles
 b - 9 rations
 u - a chunk of flesh


   Skills:
 - Level 3.0 Fighting
 - Level 1.7 Armour
 - Level 0.8 Dodging
 + Level 2.2 Shields
 + Level 4.1 Unarmed Combat
 - Level 2.4 Invocations


You had 4 spell levels left.
You didn't know any spells.
Your spell library was empty.

Dungeon Overview and Level Annotations

Branches:
Dungeon (4/15)
 Temple: D:4-7

Altars:
Kikubaaqudgha


Innate Abilities, Weirdness & Mutations

You are partially covered in icy blue scales. (AC +2)


Message History

The ogre is moderately wounded.
You hit the ogre.
The ogre is heavily wounded.
The ogre barely misses you.
You hit the ogre.
The ogre is heavily wounded.
The ogre hits you with a +0 giant club.
Your chain mail prevents you from hitting the ogre.
The ogre is heavily wounded.
Your chain mail prevents you from hitting the ogre.
The ogre is heavily wounded.
The ogre barely misses you.
You hit the ogre.
The ogre is severely wounded.
The ogre hits you with a +0 giant club!
* * * LOW HITPOINT WARNING * * *
You barely miss the ogre.
The ogre is severely wounded.
The ogre hits you with a +0 giant club!
You die...

##+# ##...#
##.....##
#.......## ##
.........####...##
........O@<..>....
.........####...##
#.......## ##
##.....## ##...#
##+#


You could see an ogre.

Vanquished Creatures
  A hound (D:3)
  3 adders
  An ooze (D:3)
  2 worms
  A dart slug (D:2)
  5 leopard geckos
  8 orcs (D:3)
  A giant cockroach (D:2)
  3 hobgoblins
  9 jackals
  6 kobolds
  A quokka (D:2)
  A ball python (D:1)
  14 bats
  2 frilled lizards
  5 goblins
  A leopard gecko skeleton (D:4)
  8 rats
72 creatures vanquished.

Notes
Turn   | Place    | Note
-------+----------+-------------------------------------------
     0 | Abyss:1  | MisterFreud the Demonspawn Abyssal Knight began the quest
                  | for the Orb.
     0 | Abyss:1  | Reached XP level 1. HP: 18/18 MP: 2/2
    76 | D:1      | Escaped the Abyss
   133 | D:1      | Reached skill level 2 in Unarmed Combat
   422 | D:1      | Gained mutation: You are partially covered in icy blue
                  | scales. (AC +2) [demonic ancestry]
   422 | D:1      | Reached XP level 2. HP: 18/24 MP: 3/3
   625 | D:1      | Reached * piety under Lugonu
   901 | D:1      | Reached skill level 3 in Unarmed Combat
  1400 | D:2      | Reached XP level 3. HP: 28/29 MP: 4/4
  1911 | D:2      | Found a faded altar of an unknown god.
  1939 | D:2      | Reached skill level 1 in Shields
  2172 | D:3      | Reached XP level 4. HP: 31/35 MP: 5/5
  2485 | D:3      | Reached ** piety under Lugonu
  2818 | D:3      | Found an ancient bone altar of Kikubaaqudgha.
  2931 | D:3      | Reached skill level 4 in Unarmed Combat
  2931 | D:3      | Reached XP level 5. HP: 31/41 MP: 6/6
  3307 | D:4      | Noticed an ogre
  3327 | D:4      | Mangled by an ogre

Illustrated notes

Levels and vault maps discovered:
D:1:      saegor_arrival_simple_e, layout_loops_corners
D:2:      layout_loops_ring, chequers_ecumenical_altar_island
D:3:      layout_loops_ring, lemuel_crystal_altar
D:4:      layout_loops_corners, minmay_temple_entry_drinking_statues,
          serial_shops, shop, nicolae_shop_statue_plus, nicolae_shop_waterfront,
          nicolae_shop_trees, nicolae_shop_stone, uniq_eustachio

Skill      XL: |  1  2  3  4 |
---------------+-------------+-----
Unarmed Combat | 2 3 4 |  4.1
Shields        | 1 2 |  2.2
Fighting       | |  3.0
Armour         | |  1.7
Dodging        | |  0.8
Invocations    | |  2.4

Action                   |  1- 3 |  4- 6 || total
-------------------------+-------+-------++-------
Melee: Unarmed           |   210 |   166 ||   376
Invok: Depart the Abyss  |     1 |       ||     1
 Stab: Sleeping          |     1 |       ||     1
  Eat: Chunk             |     4 |     4 ||     8
Armor: Leather armour    |    47 |       ||    47
       Chain mail        |    76 |   101 ||   177
Dodge: Dodged            |   116 |    28 ||   144
Block: Buckler           |    19 |    23 ||    42
